 Dungeon Crawl Stone Soup version 0.30-a0-1053-gbd8d5ba0ad (webtiles) character file.

Game seed: 14812786651821971796

390 LustLizard the Chopper (level 6, -2/56 HPs)
             Began as a Hill Orc Monk on Apr 11, 2023.
             Slain by Pikel
             ... wielding a +1 whip of flaming
              (5 damage)
             ... on level 4 of the Dungeon.
             The game lasted 00:05:47 (3754 turns).

LustLizard the Chopper (Hill Orc Monk)              Turns: 3754, Time: 00:05:48

Health: -2/56      AC: 10    Str: 16    XL:     6   Next: 80%
Magic:  6/6        EV:  8    Int: 10    God:
Gold:   184        SH:  0    Dex: 15    Spells: 4/5 levels left

rFire   + . .      SeeInvis .    a - +1 hand axe
rCold   . . .      Faith    .    (no shield)
rNeg    . . .      Spirit   .    c - +1 chain mail {rC+}
rPois   .          Reflect  .    (no helmet)
rElec   .          Rampage  .    (no cloak)
rCorr   .                        (no gloves)
Will    .....                    u - +0 pair of boots Stlth
                                 (no amulet)
HPRegen 0.29/turn                f - ring of fire
MPRegen 0.10/turn                (no ring)

@: about to teleport
A: thin skeletal structure 1
a: no special abilities


You were on level 4 of the Dungeon.
You visited 1 branch of the dungeon, and saw 4 of its levels.

You collected 184 gold pieces.

Inventory:

Hand Weapons
 a - a +1 hand axe (weapon)
Missiles
 l - 12 poisoned darts (quivered)
Armour
 c - a +1 chain mail of cold resistance (worn)
 d - a +0 ring mail
 u - a +0 pair of boots (worn)
Jewellery
 f - a ring of fire (left hand)
Scrolls
 b - 3 scrolls of amnesia
 e - 2 scrolls of noise {unknown}
 g - a scroll of teleportation
 h - 2 scrolls of enchant weapon
 i - a scroll of enchant armour {unknown}
 k - a scroll of silence {unknown}
 n - 3 scrolls of identify {unknown}
 o - a scroll of magic mapping {unknown}
 p - a scroll of summoning {unknown}
 q - 2 scrolls of vulnerability {unknown}
 s - a scroll of fog {unknown}
 x - a scroll of poison {unknown}
Potions
 j - a potion of mutation
 m - a potion of heal wounds {unknown}
 r - a potion of flight {unknown}
 t - a potion of curing {unknown}
 v - a potion of attraction {unknown}
 w - a potion of lignification {unknown}


   Skills:
 + Level 5.1 Fighting
 * Level 6.9 Axes
 + Level 3.4 Dodging
 - Level 1.5 Stealth
 + Level 1.8 Conjurations
 + Level 2.0 Fire Magic


You had 4 spell levels left.
You knew the following spells:

 Your Spells              Type           Power      Damage    Failure   Level
a - Foxfire               Conj/Fire      20%        2x1d5     95%         1

Your spell library contained the following spells:

 Spells                   Type           Power      Damage    Failure   Level
 Slow                     Hex            0%         N/A       99%         1
 Summon Small Mammal      Summ           0%         N/A       99%         1
 Cigotuvi's Dreadful Rot  Necr/Pois/Air  0%         N/A       100%        2
 Call Canine Familiar     Summ           0%         N/A       100%        3
 Confusing Touch          Hex            0%         N/A       100%        3
 Summon Guardian Golem    Hex/Summ       0%         N/A       100%        3
 Vampiric Draining        Necr           0%         2d6       100%        3
 Dispel Undead            Necr           0%         3d6       100%        4
 Fireball                 Conj/Fire      2%         3d4       100%        5
 Death Channel            Necr           0%         N/A       100%        6
 Plasma Beam              Fire/Air       1%         2x1d12    100%        6
 Starburst                Conj/Fire      2%         6d3       100%        6


Dungeon Overview and Level Annotations

Branches:
Dungeon (4/15)
 Temple: D:4-7

Altars:
Dithmenos
Fedhas
Trog

Annotations:
D:4 Grinder, Pikel


Innate Abilities, Weirdness & Mutations

You have a somewhat thin skeletal structure. (Dex +2, Stealth+)


Message History

You miss the lemure.
The lemure is lightly wounded.
The lemure hits you.
You hit the lemure but do no damage.
The lemure is lightly wounded.
The lemure hits you.
You hit the lemure.
The lemure is moderately wounded.
You hit Pikel.
Pikel is lightly wounded.
You hit Pikel but do no damage.
Pikel is lightly wounded.
Pikel hits you with a +1 whip of flaming.
You closely miss Pikel.
Pikel is lightly wounded.
Pikel says, "Hell isn't that bad."
Pikel hits you with a +1 whip of flaming.
You closely miss Pikel.
Pikel is lightly wounded.
Pikel hits you with a +1 whip of flaming!
* * * LOW HITPOINT WARNING * * *
Pikel burns you.
* * * LOW HITPOINT WARNING * * *
You closely miss Pikel.
Pikel is lightly wounded.
Pikel hits you with a +1 whip of flaming.
* * * LOW HITPOINT WARNING * * *
Pikel burns you.
* * * LOW HITPOINT WARNING * * *
It was a potion of mutation.
You feel extremely strange.
Iridescent scales grow over part of your body.
Your bones become slightly less dense.
Your iridescent scales disappear.
Pikel hits you with a +1 whip of flaming.
* * * LOW HITPOINT WARNING * * *
Pikel burns you.
* * * LOW HITPOINT WARNING * * *
As you read the scroll of teleportation, it crumbles to dust.
You feel strangely unstable.
Pikel hits you with a +1 whip of flaming.
You die...

#>. #.. . #..
#.##### #..
##.....
##########..
.......
##.....#.....
.....!.
#.........###
.....5K##
##..†...####
#@###........#
##...........#
##....#######
#.##.# #.####
#.. ♣♣♣♣ ##.#
♣♣♣... .#
♣♣...♣♣ ..
♣._.♣♣


You could see Pikel and a lemure.

Vanquished Creatures
  Sigmund (D:3)
  3 lemures
  A scorpion (D:3)
  An orc wizard (D:3)
  An iguana (D:4)
  5 adders
  A dart slug (D:2)
  5 orcs (D:3)
  7 ball pythons
  10 endoplasms
  6 giant cockroaches
  8 goblins
  2 hobgoblins
  2 quokkas
  6 frilled lizards
  6 kobolds
  6 rats
71 creatures vanquished.

Notes
Turn   | Place    | Note
-------+----------+-------------------------------------------
     0 | D:1      | LustLizard the Hill Orc Monk began the quest for the Orb.
     0 | D:1      | Reached XP level 1. HP: 19/19 MP: 1/1
   216 | D:1      | Reached XP level 2. HP: 17/27 MP: 2/2
   511 | D:1      | Reached XP level 3. HP: 30/33 MP: 3/3
  1131 | D:2      | Found a faded altar of an unknown god.
  1267 | D:2      | Reached skill level 5 in Axes
  1663 | D:3      | Reached XP level 4. HP: 6/40 MP: 4/4
  1886 | D:3      | Learned a level 1 spell: Foxfire
  2122 | D:3      | You fall into a shaft and drop 1 floor!
  2206 | D:4      | Found a blossoming altar of Fedhas.
  2247 | D:4      | Noticed a lemure
  2247 | D:4      | Noticed a lemure
  2247 | D:4      | Noticed a lemure
  2247 | D:4      | Noticed a lemure
  2277 | D:4      | Noticed a scorpion
  2697 | D:3      | Reached XP level 5. HP: 43/47 MP: 5/5
  2933 | D:4      | Noticed Sigmund
  2933 | D:4      | Noticed Grinder
  2961 | D:3      | Killed Sigmund
  2962 | D:3      | Reached skill level 6 in Axes
  2962 | D:3      | Reached skill level 1 in Conjurations
  2962 | D:3      | Reached skill level 1 in Fire Magic
  2962 | D:3      | Reached XP level 6. HP: 14/55 MP: 6/6
  3147 | D:3      | Reached skill level 5 in Fighting
  3603 | D:4      | Found a shadowy altar of Dithmenos.
  3603 | D:4      | Found a bloodstained altar of Trog.
  3716 | D:4      | Noticed Pikel
  3753 | D:4      | Gained mutation: You are partially covered in iridescent
                  | scales. (AC +2) [potion of mutation]
  3753 | D:4      | Gained mutation: You have a somewhat thin skeletal
                  | structure. (Dex +2, Stealth+) [potion of mutation]
  3753 | D:4      | Lost mutation: You are partially covered in iridescent
                  | scales. (AC +2) [potion of mutation]
  3754 | D:4      | Slain by Pikel

Illustrated notes

Levels and vault maps discovered:
D:1:      erik_arrival_cave_to_civilisation [erik_arrival_cave_to_hall],
          layout_basic, minivault_5
D:2:      minmay_angry_zag, layout_basic, hellmonk_ecumenical_altar_run_dry
D:3:      layout_basic, hangedman_glass_teeth
D:4:      layout_cave_pods, fedhas_altar_4, gammafunk_temple_overflow_elements,
          kennysheep_small_square, uniq_pikel, uniq_ijyb, uniq_sigmund,
          uniq_grinder

Skill      XL: |  1  2  3  4  5  6 |
---------------+-------------------+-----
Fighting       | 4 5 |  5.1
Axes           | 5 6 |  6.9
Dodging        | 3 |  3.4
Conjurations   | 1 |  1.8
Fire Magic     | 1 2 |  2.0
Stealth        | |  1.5

Action                     |  1- 3 |  4- 6 || total
---------------------------+-------+-------++-------
  Melee: Hand axe          |   108 |   208 ||   316
         Punch             |       |     2 ||     2
  Throw: Dart              |       |     2 ||     2
    Use: Scroll            |     4 |     1 ||     5
         Potion            |       |     2 ||     2
   Stab: Sleeping          |     2 |     1 ||     3
 Armour: Leather armour    |    13 |       ||    13
         Ring mail         |    21 |    30 ||    51
         Chain mail        |       |    34 ||    34
  Dodge: Dodged            |    52 |    79 ||   131

Table legend: (Time is in decaauts)
 A = Elapsed time spent in this place.
 B = Non-inter-level travel time spent in this place.
 C = Inter-level travel time spent in this place.
 D = Time resting spent in this place.
 E = Time spent auto-exploring this place.
 F = Levels seen in this place.
 G = Mean time per level.
                   A        B        C        D        E       F      G
               +--------+--------+--------+--------+--------+-----+--------+
         Total |   3760 |   3568 |    192 |    190 |   2663 |   4 |  940.0 |
       Dungeon |   3760 |   3568 |    192 |    190 |   2663 |   4 |  940.0 |
               +--------+--------+--------+--------+--------+-----+--------+

Top non-repeatable levels by time:
     D:3: 1403 daAuts
     D:1: 922 daAuts
     D:2: 866 daAuts
     D:4: 568 daAuts
